 Dungeon Crawl Stone Soup version 0.19.0-11-g3fc08b3 (webtiles) character file.

14 dracos369 the Vexing (level 2, -3/11 HPs)
             Began as a Felid Enchanter on Nov 10, 2016.
             Killed from afar by Natasha (6 damage)
             ... with a magic dart
             ... on level 2 of the Dungeon.
             The game lasted 00:01:52 (565 turns).

dracos369 the Vexing (Felid Enchanter)               Turns: 565, Time: 00:01:54

Health: -3/11      AC:  1    Str:  4    XL:     2   Next: 27%
Magic:  2/6        EV: 18    Int: 16    God:
Gold:   35         SH:  0    Dex: 16    Spells: 2 memorised, 2 levels left
                                        Lives:  0   Deaths: 0

rFire  . . .     SeeInvis +       - Unarmed
rCold  . . .     Gourm    .     (armour unavailable)
rNeg   . . .     Faith    .     (shield unavailable)
rPois  .         Spirit   .     (helmet unavailable)
rElec  .         Reflect  .     (cloak unavailable)
rCorr  .         Harm     .     (gloves unavailable)
MR     .....                    (boots unavailable)
Stlth  +++.......               (no amulet)
                                (no ring)
                                (no ring)

@: quick
A: no armour, no weapons or thrown items, stealth, claws 1, fangs 3, see
invisible, carnivore 3, speed 1, shaggy fur 1, slow metabolism 1, sharp paws
a: no special abilities


You were on level 2 of the Dungeon.
You were full.

You visited 1 branch of the dungeon, and saw 2 of its levels.

You collected 35 gold pieces.

Inventory:

Scrolls
 c - a scroll of recharging {unknown}
Books
 a - a book of Maledictions

   Spells                             Type                      Level
   a - Corona                         Hexes                        1
   b - Ensorcelled Hibernation        Hexes/Ice                    2
   c - Confuse                        Hexes                        3
   d - Tukima's Dance                 Hexes                        3
   e - Dazzling Spray                 Conjuration/Hexes            3
Comestibles
 b - a meat ration


   Skills:
 - Level 2.6 Dodging
 - Level 4.0 Stealth
 + Level 2.3 Unarmed Combat
 - Level 2.0 Spellcasting
 - Level 4.4 Hexes


You had 2 spell levels left.
You knew the following spells:

 Your Spells              Type           Power        Failure   Level  Hunger
a - Corona                Hex            ###....      4%          1    #......
e - Ensorcelled Hibernat  Hex/Ice        #.....       14%         2    ###....


Dungeon Overview and Level Annotations

Branches:
Dungeon (2/15)

Altars:

Annotations:
D:2 Natasha


Innate Abilities, Weirdness & Mutations

You cannot wear armour.
You are incapable of wielding weapons or throwing items.
Your paws allow you to move quietly. (Stealth)
You have sharp claws.
You have razor-sharp teeth.
You have supernaturally acute eyesight. (SInv)
You are carnivorous and can eat meat at any time.
You cover ground quickly.
You are covered in fur. (AC +1)
You have a slow metabolism.
Your sharp claws are effective at attacking unaware monsters.


Message History

Natasha mumbles some strange words.
The crimson imp misses you.
You scratch Natasha but do no damage.
Natasha is severely wounded.
The bat closely misses you. Natasha claws you!
Ouch! That really hurt!
* * * LOW HITPOINT WARNING * * *
The crimson imp closely misses you. The crimson imp misses you.
Unknown command.
You closely miss Natasha.
Natasha is severely wounded.
The bat hits you but does no damage. Natasha barely misses you.
The crimson imp misses you. x2
You barely miss Natasha.
Natasha is severely wounded.
The bat misses you. Natasha casts a spell at you. The magic dart hits you!
Ouch! That really hurt!
You die...

####.......#######.
#.....)....'.......
............########
............#
.....####'### .....
#.# ##.## #.#
#.######.# #.h@5..#
#.\.5..# .....)b...#
####.....## #.....#
#.....# #######


You could see Natasha, 2 crimson imps and a bat.

Vanquished Creatures
  A worm (D:2)
  A giant cockroach (D:2)
  A goblin (D:2)
  2 jackals (D:1)
  3 kobolds
  2 bats (D:2)
10 creatures vanquished.

Notes
Turn   | Place    | Note
-------+----------+-------------------------------------------
     0 | D:1      | dracos369 the Felid Enchanter began the quest for the Orb.
     0 | D:1      | Reached XP level 1. HP: 7/7 MP: 4/4
   381 | D:2      | Reached XP level 2. HP: 6/11 MP: 4/6
   389 | D:2      | Learned a level 2 spell: Ensorcelled Hibernation
   556 | D:2      | Noticed Natasha
   562 | D:2      | Noticed a crimson imp
   563 | D:2      | Noticed a crimson imp
   565 | D:2      | Killed from afar by Natasha

Skill      XL: |  1 |
---------------+----+-----
Unarmed Combat | 2 |  2.3
Dodging        | |  2.6
Stealth        | |  4.0
Spellcasting   | |  2.0
Hexes          | |  4.4

Action                   || total
-------------------------++-------
Melee: Unarmed           ||    22
       Bite              ||     2
 Cast: Corona            ||     6
       Ensorcelled Hiber ||     5
 Stab: Sleeping          ||     4
  Eat: Chunk             ||     3
Armor: Skin              ||     4
Dodge: Dodged            ||    20
